AoeStats
← Arthosz

Black Forest

507541605Analyzed
4v4 RM · 14d ago on Sep 18, 2026· 44m 37s· 8 players
Game mode
Random Map
Map size
Large (8 player)
Population
200
Speed
Normal
Resources
Standard
Victory
Conquest
Starting age
Dark Age
Ending age
Imperial Age
RankedLock teamsTeams togetherTeam positionsShared explorationLock speedFull tech treeHidden civsTurbo modeCheats
Victory
Defeat
🇳🇱 Persians · Netherlands
1136
+14
🇪🇸 Teutons · Spain
1084
+16
🇩🇪 Turks · Germany
1056
+18
🇫🇷 Mongols · France
1027
+19
🇳🇱 Berbers · Netherlands
1170
-20
🇩🇪 Britons · Germany
1145
-19
🇨🇳 Bengalis · China
1083
-32
🇬🇧 Teutons · United Kingdom
975
-12
kiko1994
1:27 Loom
16:57 Feudal Age
22:33 Castle Age
21:02 Double-Bit Axe
23:13 Wheelbarrow
25:51 Forging
25:55 Bow Saw
29:36 Fortified Wall
31:50 Gold Mining
38:44 Imperial Age
36:14 Gambesons
36:52 Man-at-Arms
36:53 Pikeman
37:34 Squires
37:20 Arson
38:15 Iron Casting
38:21 Coinage
37:39 Long Swordsman
38:29 Scale Mail Armor
39:22 Hand Cart
39:23 Masonry
39:35 Ironclad
39:09 Halberdier
40:12 Conscription
40:29 Hoardings
41:34 Two-Man Saw
40:17 Horse Collar
41:39 Blast Furnace
40:55 Chain Mail Armor
40:39 Fishing Lines
42:17 Chemistry
41:13 Town Watch
41:54 Heavy Plow
42:25 Onager
44:38 Siege Engineers
Theurarthur
5:55 Loom
12:11 Feudal Age
16:15 Castle Age
15:49 Double-Bit Axe
23:25 Horse Collar
29:11 Imperial Age
28:45 Wheelbarrow
28:00 Town Watch
28:53 Bow Saw
28:48 Fletching
29:35 Bloodlines
30:02 Gold Mining
30:57 Scale Barding Armor
31:02 Forging
32:11 Conscription
32:56 Coinage
33:00 Heavy Camel Rider
35:01 Banking
35:46 Husbandry
36:07 Chain Barding Armor
36:23 Iron Casting
37:09 Caravan
37:49 Heavy Plow
38:43 Plate Barding Armor
39:31 Cavalier
40:45 Guilds
41:36 Hand Cart
42:35 Crop Rotation
43:15 Two-Man Saw
43:08 Savar
44:26 Light Cavalry
Groot
4:00 Loom
13:20 Feudal Age
11:50 Loom
14:27 Gold Mining
14:23 Double-Bit Axe
14:20 Horse Collar
20:39 Castle Age
22:04 Padded Archer Armor
24:44 Imperial Age
24:28 Leather Archer Armor
25:59 Leather Archer Armor
30:09 Wheelbarrow
34:12 Gold Shaft Mining
33:46 Heavy Plow
33:59 Bow Saw
35:25 Ring Archer Armor
40:35 Scale Barding Armor
40:41 Forging
42:17 Guilds
42:36 Chain Barding Armor
42:24 Husbandry
42:48 Bloodlines
42:38 Stone Mining
44:11 Hand Cart
Poperis
5:47 Loom
9:31 Feudal Age
13:56 Castle Age
12:47 Double-Bit Axe
12:43 Horse Collar
15:02 Bow Saw
17:57 Heavy Plow
19:21 Wheelbarrow
23:16 Hand Cart
24:43 Scale Barding Armor
24:37 Stone Mining
24:39 Gold Mining
26:51 Gold Shaft Mining
26:51 Stone Shaft Mining
26:05 Town Watch
26:36 Bloodlines
26:36 Husbandry
26:28 Light Cavalry
27:54 Forging
32:52 Imperial Age
31:27 Chain Barding Armor
31:43 Iron Casting
31:14 Fletching
31:25 Padded Archer Armor
34:42 Chemistry
34:02 Ballistics
34:44 Blast Furnace
34:04 Masonry
33:53 Bodkin Arrow
35:25 Elite Mangudai
36:26 Conscription
36:50 Leather Archer Armor
36:52 Hussar
37:33 Bracer
37:41 Thumb Ring
38:02 Parthian Tactics
37:08 Capped Ram
38:14 Siege Ram
41:56 Drill
42:12 Siege Engineers
szczuply23
0:30 Loom
13:21 Feudal Age
14:05 Double-Bit Axe
14:04 Horse Collar
14:46 Stone Mining
19:52 Castle Age
20:52 Heavy Plow
24:36 Bow Saw
25:59 Gold Mining
27:29 Fletching
31:05 Imperial Age
29:11 Bodkin Arrow
32:09 Crenellations
33:12 Chemistry
33:11 Siege Engineers
34:12 Stone Shaft Mining
34:55 Crenellations
35:30 Wheelbarrow
39:13 Two-Man Saw
39:01 Onager
43:26 Crop Rotation
44:08 Ballistics
Arthosz
1:09 Loom
14:36 Feudal Age
18:49 Castle Age
18:03 Double-Bit Axe
19:32 Horse Collar
24:39 Bow Saw
24:17 Fishing Lines
26:24 Gillnets
26:55 Gold Mining
30:34 Wheelbarrow
30:12 Stone Mining
34:22 Imperial Age
32:51 Stone Shaft Mining
32:13 Fletching
32:24 Padded Archer Armor
33:07 Bodkin Arrow
34:12 Gold Shaft Mining
33:37 Heavy Plow
34:23 Ballistics
34:37 Kasbah
34:54 Town Watch
35:25 Hand Cart
35:27 Leather Archer Armor
35:34 Conscription
35:21 Maghrebi Camels
35:23 Bracer
35:33 Thumb Ring
36:53 Chemistry
36:46 Masonry
37:00 Bloodlines
36:50 Husbandry
37:54 Hoardings
38:25 Caravan
38:36 Guilds
38:56 Coinage
40:44 Ring Archer Armor
41:44 Siege Engineers
41:57 Treadmill Crane
43:00 Coinage
CryZon
1:18 Loom
10:58 Feudal Age
12:02 Double-Bit Axe
20:52 Castle Age
20:16 Horse Collar
22:15 Bow Saw
25:51 Heavy Plow
29:03 Padded Archer Armor
28:53 Fletching
29:36 Bodkin Arrow
29:59 Leather Archer Armor
36:30 Pikeman
37:11 Squires
36:57 Arson
37:31 Arson
37:07 Pikeman
三条柒
3:50 Loom
12:55 Feudal Age
13:49 Town Watch
17:11 Castle Age
15:06 Stone Mining
15:16 Double-Bit Axe
17:08 Horse Collar
18:59 Bow Saw
19:33 Fletching
22:08 Wheelbarrow
21:26 Gold Mining
23:59 Heavy Plow
24:57 Hand Cart
28:12 Paiks
29:00 Gold Shaft Mining
29:02 Caravan
31:21 Bodkin Arrow
36:28 Imperial Age
35:22 Fortified Wall
35:34 Ballistics
36:24 Padded Archer Armor
37:22 Leather Archer Armor
37:10 Bracer
38:12 Chemistry
39:25 Ring Archer Armor
39:03 Elite Ratha (Ranged)
40:03 Conscription
41:38 Bloodlines
41:28 Husbandry
42:43 Guilds
42:51 Scale Barding Armor
Connection lost

Rejoining the realm…

Still unreachable

The connection could not be restored.

Session expired

The server has moved on; the page needs a fresh start.